 Dungeon Crawl Stone Soup version 0.29.1-15-g9cfb28693d (webtiles) character file.

Game seed: 1491860538666210745

298 DemonSlayer the Digger (level 6, -1/38 (43) HPs)
             Began as a Demonspawn Earth Elementalist on Feb 21, 2023.
             Slain by a wight
             ... wielding a +5 spear of freezing
              (9 damage)
             ... on level 4 of the Dungeon.
             The game lasted 00:07:34 (2883 turns).

DemonSlayer the Digger (DsEE)                       Turns: 2883, Time: 00:07:35

HP:   -1/38 (43)    AC:  3    Str: 11    XL:     6   Next: 13%
MP:   8/11          EV: 12    Int: 16    God:
Gold: 174           SH:  0    Dex: 15    Spells: 3/11 levels left

rFire   . . .      SeeInvis .   n - +4 sling of Agotsim {speed, Dex+2}
rCold   . . .      Faith    .   (no shield)
rNeg    . . .      Spirit   .   a - +0 robe
rPois   .          Reflect  .   (no helmet)
rElec   .          Harm     .   (no cloak)
rCorr   .          Rampage  .   (no gloves)
Will    +....                   l - +0 pair of boots
Stlth   ++........              (no amulet)
HPRegen 0.12/turn               g - ring of willpower
MPRegen 0.12/turn               (no ring)

@: about to teleport, heavily drained
A: powered by death 1, weakness stinger 1
a: no special abilities


You were on level 4 of the Dungeon.
You visited 1 branch of the dungeon, and saw 4 of its levels.

You collected 174 gold pieces.

Inventory:

Hand Weapons
 f - a +0 dagger
 m - a +0 dagger of speed
 n - the +4 sling of Agotsim (weapon) {speed, Dex+2}
   (You found it on level 2 of the Dungeon)

   Attacks with this weapon are significantly faster.
   Dex:       It affects your dexterity (+2).
Missiles
 i - a throwing net
Armour
 a - a +0 robe (worn)
 l - a +0 pair of boots (worn)
Jewellery
 g - a ring of willpower (left hand)
Scrolls
 b - 2 scrolls of torment
 h - a scroll of poison
 k - a scroll of noise {unknown}
 p - a scroll of butterflies {unknown}
Potions
 c - a potion of haste {unknown}
 d - a potion of attraction
 e - a potion of magic
 j - a potion of berserk rage
 o - a potion of flight {unknown}
 r - a potion of curing {unknown}


   Skills:
 + Level 1.3 Fighting
 + Level 0.1 Short Blades
 + Level 2.0 Ranged Weapons
 + Level 1.9 Dodging
 + Level 2.0 Stealth
 + Level 0.3 Unarmed Combat
 + Level 3.4 Spellcasting
 + Level 1.1 Transmutations
 + Level 4.4 Earth Magic


You had 3 spell levels left.
You knew the following spells:

 Your Spells              Type           Power      Damage    Failure   Level
a - Sandblast             Erth           34%        2d9       2%          1
b - Stone Arrow           Conj/Erth      18%        3d8       22%         3
c - Petrify               Tmut/Erth      11%        N/A       50%         4

Your spell library contained the following spells:

 Spells                   Type           Power      Damage    Failure   Level
 Passwall                 Tmut/Erth      9%         N/A       9%          2


Dungeon Overview and Level Annotations

Branches:
Dungeon (4/15)
 Temple: D:4-7

Altars:

Shops:
D:1 !=   D:2 :


Innate Abilities, Weirdness & Mutations

You regenerate a little health from kills.
You have a small tail.


Message History

A wight is nearby!
A wight is nearby!
You shoot a sling bullet. The sling bullet hits the wight.
The wight is moderately damaged.
You shoot a sling bullet.
The sling bullet hits the wight but does no damage.
The wight is moderately damaged.
You shoot a sling bullet.
The sling bullet hits the wight but does no damage.
The wight is moderately damaged.
No target in view!
The blast of sand hits the wight but does no damage.
The wight is lightly damaged.
A wight comes into view. It is wielding a +5 spear of freezing.
The blast of sand hits the wight but does no damage.
The wight is lightly damaged.
The wight misses you.
The blast of sand hits the wight.
The wight is moderately damaged.
A wight comes into view. It is wielding a +4 flail.
The wight barely misses you.
The wight hits you with a +3 morningstar!
You feel drained.
The blast of sand hits the wight.
The wight is heavily damaged.
The wight hits you with a +3 morningstar!
You feel drained.
You are too injured to fight recklessly!
As you read the scroll labelled BEBITE PEAS, it crumbles to dust.
You feel strangely unstable.
It was a scroll of teleportation.
The wight closely misses you.
The wight hits you with a +3 morningstar!
* * * LOW HITPOINT WARNING * * *
The wight attacks as you move away!
The wight hits you with a +3 morningstar.
* * * LOW HITPOINT WARNING * * *
You feel drained.
* * * LOW HITPOINT WARNING * * *
The wight hits you from afar with a +5 spear of freezing!
You die...

####..###
##..#...)###
...#........#.##
...............#
###.##........# ###
##.......### ...#
#.....##...#
....###.....##..##
#..............@##
..#..............#
.............zzz..##
...#...............#
.)#....<.<...##..##
.............#####
#.###†........#
#..##........##
.........#..##


You could see 3 wights.

Vanquished Creatures
  A hound (D:4)
  Terence (D:3)
  An iguana (D:3)
  Natasha (D:3)
  An orc wizard (D:3)
  4 gnolls (D:2)
  5 adders
  A worm (D:3)
  2 dart slugs (D:1)
  5 orcs
  A bat (D:2)
  3 endoplasms
  2 giant cockroaches (D:1)
  6 goblins
  12 hobgoblins
  6 jackals (D:1)
  7 kobolds
  3 quokkas
  4 ball pythons (D:2)
  3 frilled lizards
  5 rats
74 creatures vanquished.

Notes
Turn   | Place    | Note
-------+----------+-------------------------------------------
     0 | D:1      | DemonSlayer the Demonspawn Earth Elementalist began the
                  | quest for the Orb.
     0 | D:1      | Reached XP level 1. HP: 13/13 MP: 3/3
   131 | D:1      | Found Toetoklu's Distillery.
   139 | D:1      | Reached skill level 1 in Transmutations
   190 | D:1      | Reached skill level 3 in Earth Magic
   190 | D:1      | Gained mutation: You regenerate a little health from kills.
                  | [demonic ancestry]
   190 | D:1      | Reached XP level 2. HP: 11/19 MP: 0/5
   760 | D:1      | Found Alaxt's Jewellery Shoppe.
   840 | D:1      | Gained mutation: You have a small tail. [demonic ancestry]
   840 | D:1      | Reached XP level 3. HP: 25/25 MP: 4/6
  1379 | D:1      | Learned a level 3 spell: Stone Arrow
  1416 | D:2      | Found Nuzun's Vocational Training.
  1683 | D:2      | Reached XP level 4. HP: 21/31 MP: 2/7
  1781 | D:2      | Reached skill level 4 in Earth Magic
  2130 | D:2      | Identified the +4 sling of Agotsim {speed, Dex+2}
  2138 | D:2      | Found a faded altar of an unknown god.
  2284 | D:2      | Learned a level 4 spell: Petrify
  2292 | D:3      | Noticed Terence
  2301 | D:3      | Killed Terence
  2302 | D:3      | Reached XP level 5. HP: 36/36 MP: 9/9
  2354 | D:3      | Reached skill level 1 in Ranged Weapons
  2664 | D:3      | Reached skill level 1 in Fighting
  2742 | D:3      | Noticed Natasha
  2746 | D:3      | Killed Natasha
  2805 | D:3      | You fall into a shaft and drop 1 floor!
  2812 | D:4      | Reached XP level 6. HP: 43/43 MP: 11/11
  2883 | D:4      | Slain by a wight

Illustrated notes

Levels and vault maps discovered:
D:1:      dpeg_arrival_rooms_c, layout_loops_corners, serial_shops,
          nicolae_shop_stone, nicolae_shop_stone
D:2:      layout_rooms, basic_ecumenical_altar, nicolae_shop_vocational
D:3:      layout_basic, uniq_natasha, uniq_robin, uniq_terence
D:4:      layout_cave_pools, minmay_misc_feat_x

Skill      XL: |  1  2  3  4  5  6 |
---------------+-------------------+-----
Transmutations | 1 |  1.1
Earth Magic    | 3 4 |  4.4
Spellcasting   | 3 |  3.4
Ranged Weapons | 1 2 |  2.0
Fighting       | 1 |  1.3
Stealth        | 2 |  2.0
Short Blades   | |  0.1
Dodging        | |  1.9
Unarmed Combat | |  0.3

Action                   |  1- 3 |  4- 6 || total
-------------------------+-------+-------++-------
Melee: Unarmed           |    25 |       ||    25
       Punch             |     1 |       ||     1
       Dagger            |       |     3 ||     3
 Fire: Sling             |       |    62 ||    62
 Cast: Sandblast         |    61 |    32 ||    93
  Use: Potion            |     2 |     1 ||     3
       Scroll            |     2 |     3 ||     5
Armor: Robe              |     6 |     8 ||    14
Dodge: Dodged            |    37 |    42 ||    79
